 Dungeon Crawl Stone Soup version 0.29-a0-330-g52719c12eb (webtiles) character file.

Game seed: 9804152456411760903

122553 wakim the Brawler (level 16, -5/167 HPs)
             Began as a Troll Gladiator on Apr 16, 2022.
             Was an Elder of Qazlal.
             Slain by a tyrant leech (15 damage)
             ... on level 1 of the Swamp.
             The game lasted 01:34:06 (26656 turns).

wakim the Brawler (Troll Gladiator)                Turns: 26656, Time: 01:34:06

Health: -5/167     AC: 20    Str: 30    XL:     16   Next: 34%
Magic:  17/24      EV: 10    Int:  4    God:    Qazlal [****..]
Gold:   959        SH: 17    Dex: 13    Spells: 15/15 levels left

rFire   + . .      SeeInvis .     - Unarmed
rCold   + + +      Faith    +   o - +2 shield of Resistance {rF++ rC++ Will++}
rNeg    . . .      Spirit   .   l - +0 ice dragon scales
rPois   .          Reflect  .   b - +1 hat
rElec   .          Harm     .   C - +0 cloak {Will+}
rCorr   .          Rampage  .   (gloves unavailable)
Will    ++++.                   (boots unavailable)
Stlth   ..........              z - amulet of faith
HPRegen 1.17/turn               n - +4 ring of protection
MPRegen 0.19/turn               h - +4 ring of protection

@: protected from physical damage, corroded, repel missiles
A: large, unfitting armour, claws 3, regeneration 1, shaggy fur 1, tough skin 1
a: Renounce Religion, Upheaval, Elemental Force


You were on level 1 of the Swamp.
You worshipped Qazlal.
Qazlal was greatly pleased with you.
You visited 5 branches of the dungeon, and saw 25 of its levels.
You also visited: Ice Cave.

You collected 3619 gold pieces.
You spent 2660 gold pieces at shops.

Inventory:

Missiles
 c - 5 throwing nets {=f!f}
 e - 6 atropa-tipped darts
 f - 2 boomerangs of dispersal {=f!f}
 i - 21 boomerangs
 p - 64 large rocks {=f}
 s - 9 javelins
 Z - 39 poisoned darts (quivered)
Armour
 b - a +1 hat (worn)
 l - +0 ice dragon scales (worn)
 o - the +2 shield of Resistance (worn) {rF++ rC++ Will++}
   (You bought it in a shop on level 3 of the Dungeon)

   rF:        It greatly protects you from fire.
   rC:        It greatly protects you from cold.
   Will:      It greatly increases your willpower.
 C - a +0 cloak of willpower (worn)
Jewellery
 d - the ring "Nepsarif" {*Corrode Fly rElec rN++ Int+6}
   (You bought it in a shop on level 2 of the Orcish Mines)

   [ring of intelligence]

   Int:       It affects your intelligence (+6).
   rElec:     It insulates you from electricity.
   rN:        It greatly protects you from negative energy.
   Fly:       It grants you flight.
   *Corrode:  It may corrode you when you take damage.
 g - a ring of positive energy
 h - a +4 ring of protection (right claw)
 m - a ring of resist corrosion
 n - a +4 ring of protection (left claw)
 z - an amulet of faith (around neck)
 P - an amulet of regeneration
 Q - a ring of protection from fire
 W - a ring of willpower
Wands
 a - a wand of flame (50)
 t - a wand of digging (11)
 u - a wand of mindburst (9)
 w - a wand of acid (3)
 x - a wand of iceblast (3)
 y - a wand of paralysis (13)
Scrolls
 q - 8 scrolls of enchant armour
 r - 5 scrolls of identify
 R - 5 scrolls of magic mapping {!r}
 S - a scroll of summoning
 T - 6 scrolls of teleportation
 U - a scroll of fear
 V - 6 scrolls of vulnerability {!r!r}
 X - a scroll of fog
 Y - 2 scrolls of blinking {!r}
Potions
 A - 3 potions of ambrosia
 B - 2 potions of attraction {!q}
 D - 3 potions of brilliance
 E - 3 potions of cancellation
 F - 7 potions of curing
 G - 2 potions of flight
 H - 3 potions of haste
 I - 3 potions of invisibility
 J - 5 potions of heal wounds
 K - 4 potions of magic
 L - 5 potions of lignification {!q}
 M - 3 potions of mutation {!q}
 N - 3 potions of might
 O - a potion of resistance
Miscellaneous
 j - a phial of floods
 k - a piece from Xom's chessboard (15/15)
 v - a lightning rod (4/4)


   Skills:
 + Level 12.5 Fighting
 - Level 4.4 Throwing
 - Level 8.0 Dodging
 * Level 8.0 Shields
 + Level 16.6 Unarmed Combat
 + Level 12.0 Invocations
 - Level 7.0 Evocations


You had 15 spell levels left.
You didn't know any spells.
Your spell library contained the following spells:

 Spells                   Type           Power      Damage    Failure   Level
 Beastly Appendage        Tmut           0%         N/A       96%         1
 Corpse Rot               Necr/Air       0%         N/A       99%         2
 Poisonous Vapours        Pois/Air       0%         N/A       99%         2
 Wereblood                Tmut           0%         N/A       99%         2
 Frozen Ramparts          Ice            0%         1d2       100%        3
 Gell's Gravitas          Tloc           0%         N/A       100%        3
 Spider Form              Tmut/Pois      0%         N/A       100%        3
 Teleport Other           Tloc           0%         N/A       100%        3
 Ice Form                 Ice/Tmut       0%         N/A       100%        4
 Olgreb's Toxic Radiance  Pois           0%         N/A       100%        4
 Summon Ice Beast         Ice/Summ       0%         N/A       100%        4
 Summon Mana Viper        Hex/Summ       0%         N/A       100%        5
 Dispersal                Tloc           0%         N/A       100%        6
 Monstrous Menagerie      Summ           0%         N/A       100%        7
 Ozocubu's Refrigeration  Ice            0%         4d5       100%        7
 Ignition                 Fire           0%         3d3       100%        8


Dungeon Overview and Level Annotations

Branches:
Dungeon (15/15)            Temple (1/1) D:7            Lair (6/6) D:8
  Swamp (1/4) Lair:2        Snake (0/4) Lair:4        Slime (0/5) Lair:6
    Orc (2/2) D:11            Elf (0/3) Orc:2        Vaults (0/5) D:13
 Depths (0/4) D:15          IceCv (visited)

Altars:
Cheibriados
Elyvilon
Fedhas
Gozag
Okawaru
Qazlal
Uskayaw
Vehumet
Wu Jian
Xom
Zin
The Shining One
Beogh

Shops:
D:3 [   D:7 *[   D:15 :   Orc:2 (*:*

Annotations:
D:10 1 runed translucent door, anonymous's ghost, journeyman TeAE


Innate Abilities, Weirdness & Mutations

You are too large for most types of armour.
You have claws for hands.
Your natural rate of healing is unusually fast.
You are covered in fur. (AC +1)
You have tough skin. (AC +1)


Message History

The spriggan rider hits you from afar with a +0 spear!
* * * LOW HITPOINT WARNING * * *
The alligator bites you!
* * * LOW HITPOINT WARNING * * *
The alligator tail-slaps you but does no damage.
Your water elemental closely misses the spriggan rider.
Your water elemental closely misses the alligator.
Your air elemental hits the goliath frog.
The alligator closely misses you. The alligator completely misses you.
The alligator is engulfed in a cloud of scalding steam.
The alligator puts on a burst of speed! 33/167 (-27)
The goliath frog is no longer paralysed.
The tyrant leech is no longer paralysed.
Your air elemental hits the goliath frog!
The goliath frog hits you from afar.
* * * LOW HITPOINT WARNING * * *
The acid corrodes you!
You are splashed with acid!
* * * LOW HITPOINT WARNING * * *
Your air elemental hits the goliath frog.
You block the four-headed hydra's attack.
The four-headed hydra bites you but does no damage.
You block the four-headed hydra's attack.
The four-headed hydra bites you but does no damage.
You block the alligator's attack.
The alligator tail-slaps you but does no damage.
The swamp dragon barely misses your earth elemental.
The swamp dragon claws your earth elemental!
The swamp dragon tramples your earth elemental but does no damage.
You block the spriggan air mage's attack.
The spriggan rider hits you from afar with a +0 spear!
* * * LOW HITPOINT WARNING * * *
The alligator closely misses you.
The alligator tail-slaps you but does no damage.
The will-o-the-wisp engulfs your earth elemental but does no damage.
Your water elemental hits the alligator!
Your water elemental hits the spriggan rider!
Your water elemental engulfs the spriggan rider in water!
The tyrant leech bites you!
You die...

.≈♣♣♣♣♣ ....
≈..§..$≈♣♣ ....
.≈..≈≈..≈ .≈§≈.
≈≈.≈§≈≈≈. ♣♣.≈≈≈.
≈..≈§≈≈≈≈♣D....≈≈
≈..§≈i○♣Ev≈≈.≈≈≈
♣≈.☼E♣i°.>≈≈≈.
♣○w@tw..≈≈≈≈
♣°ttDF..≈≈§≈
♣E≈EE♣♣≈..§≈
♣.≈≈≈.♣ .≈≈≈
♣♣..≈≈♣ ≈§§
..D.!♣ ≈≈ .§≈.♣♣♣
≈ .≈≈≈≈. .≈≈≈≈.


You could see 3 alligators, a four-headed hydra, 2 swamp dragons, 2 tyrant
leeches, a spriggan rider (asphyxiating, ally target), a spriggan air mage
(repels missiles), a goliath frog (ally target), a will-o-the-wisp (distracted,
ally target), 2 friendly earth elementals, 2 friendly water elementals and a
friendly air elemental (summoned).

Vanquished Creatures
  Gastronok (Orc:1)
  A frost giant (D:15)
  Josephine (D:12)
  A yaktaur captain (D:12)
  14 hydras
  4 boulder beetles
  8 vault guards (D:13)
  An ice dragon (D:12)
  7 centaur warriors
  2 ironbound frosthearts (IceCv)
  6 two-headed ogres
  2 death knights
  A catoblepas (Lair:2)
  5 tengu warriors
  4 death yaks
  2 orc high priests (Orc:2)
  Urug (Lair:2)
  Nergalle (Lair:3)
  Amaemon (Lair:2)
  4 skeletal warriors (D:14)
  2 spriggan druids
  A bog body (Lair:1)
  A wizard (D:14)
  3 deep elf pyromancers
  10 ugly things
  2 oklob plants (Lair:2)
  4 orc sorcerers (Orc:2)
  12 cyclopes
  5 manticores
  2 ice statues
  10 elephants
  2 torpor snails
  An orange demon (Lair:2)
  10 black mambas
  2 rime drakes (Lair:1)
  11 cane toads
  2 kobold demonologists
  3 tengu conjurers
  11 komodo dragons
  3 unseen horrors
  Psyche (D:11)
  A freezing wraith (D:15)
  An efreet (D:12)
  An ice devil (Lair:1)
  A meliai (D:12)
  19 polar bears
  15 slime creatures
  Prince Ribbit (D:5)
  2 tyrant leeches (Lair:2)
  8 hornets
  10 trolls
  11 blink frogs
  A dream sheep (Lair:6)
  Sigmund (D:4)
  3 centaur simulacra
  A shadow (D:13)
  14 spriggans
  A water elemental (D:12)
  4 wraiths (D:12)
  Eustachio (D:6)
  3 wyverns
  72 yaks
  8 basilisks
  5 vampire mosquitoes (D:12)
  2 steam dragons
  A death yak simulacrum (Lair:1)
  2 wargs
  2 harpy simulacra (Lair:1)
  3 swamp worms
  Edmund (D:6)
  2 acid dragons
  17 water moccasins
  3 ice beasts (D:11)
  18 orc warriors
  3 sky beasts
  4 black bears
  6 ogres
  12 boggarts
  60 wolves
  9 centaurs
  A phantom (D:4)
  A kobold brigand (D:9)
  4 scorpions
  9 bullfrogs
  A gnoll sergeant (D:8)
  2 cane toad simulacra (Lair:1)
  10 wights (D:9)
  10 electric eels
  3 howler monkeys
  Crazy Yiuf (D:6)
  7 hounds
  23 orc priests
  2 gnoll shamans
  3 iguanas (D:5)
  27 orc wizards
  A wolf simulacrum (Lair:1)
  9 gnolls
  7 adders
  2 naga simulacra (Lair:1)
  2 shadow imps
  6 white imps
  2 ufetubi (D:4)
  3 worms
  4 dart slugs
  56 orcs
  4 bats
  5 endoplasms
  5 giant cockroaches
  9 goblins
  6 hobgoblins
  2 jackals (D:1)
  2 quokkas
  9 ball pythons
  A frilled lizard (D:3)
  8 kobolds
  4 rats
745 creatures vanquished.

Vanquished Creatures (collateral kills)
  An elephant (Lair:3)
  A blink frog (Lair:6)
  2 slime creatures (D:15)
  4 yaks
  2 water moccasins (Lair:4)
  2 orc warriors (Orc:1)
  2 orc priests (Orc:1)
  4 orc wizards (Orc:1)
  11 orcs (Orc:1)
29 creatures vanquished.

Vanquished Creatures (others)
  A hydra (D:14)
  A blink frog (Lair:6)
  2 yaks
  2 water moccasins (Lair:4)
  A boggart (Lair:6)
  A wolf (Lair:6)
  2 orcs (D:8)
  A kobold (D:9)
  A bush (Lair:6)
  4 foxfires (Swamp:1)
  43 fungi
  75 plants
134 creatures vanquished.

Grand Total: 908 creatures vanquished

Notes
Turn   | Place    | Note
-------+----------+-------------------------------------------
     0 | D:1      | wakim the Troll Gladiator began the quest for the Orb.
     0 | D:1      | Reached XP level 1. HP: 19/19 MP: 0/0
   152 | D:1      | Reached XP level 2. HP: 28/28 MP: 1/1
   923 | D:2      | Found an opulent altar of Gozag.
   942 | D:2      | Reached XP level 3. HP: 30/35 MP: 2/2
  1025 | D:2      | Found a faded altar of an unknown god.
  1029 | D:2      | Reached skill level 4 in Unarmed Combat
  1093 | D:2      | Reached XP level 4. HP: 40/42 MP: 3/3
  1409 | D:3      | Found Boanilui's Antique Armour Boutique.
  1604 | D:3      | Reached XP level 5. HP: 49/50 MP: 4/4
  2183 | D:4      | Found a shimmering altar of Xom.
  2242 | D:4      | Noticed Sigmund
  2498 | D:4      | Noticed a phantom
  2513 | D:4      | Killed a phantom
  2514 | D:4      | Reached skill level 5 in Unarmed Combat
  2718 | D:4      | Reached XP level 6. HP: 56/61 MP: 5/5
  3065 | D:4      | Killed Sigmund
  3105 | D:4      | Reached skill level 6 in Unarmed Combat
  3161 | D:5      | Entered Level 5 of the Dungeon
  3169 | D:5      | Reached XP level 7. HP: 50/67 MP: 6/6
  3479 | D:5      | Noticed Eustachio
  3746 | D:5      | Noticed Prince Ribbit
  3757 | D:5      | Killed Prince Ribbit
  3758 | D:5      | Reached skill level 7 in Unarmed Combat
  3799 | D:6      | Noticed a kobold demonologist
  3809 | D:6      | Killed a kobold demonologist
  3810 | D:6      | Reached skill level 1 in Evocations
  3810 | D:6      | Reached XP level 8. HP: 77/78 MP: 7/7
  3886 | D:6      | Noticed a troll
  3891 | D:6      | Noticed Edmund
  3911 | D:6      | Killed Edmund
  3912 | D:6      | Reached skill level 8 in Unarmed Combat
  3917 | D:6      | Killed Eustachio
  3978 | D:6      | Killed a troll
  4081 | D:6      | Reached skill level 5 in Fighting
  4191 | D:6      | Reached skill level 9 in Unarmed Combat
  4191 | D:6      | Reached XP level 9. HP: 36/88 MP: 8/8
  4394 | D:6      | Found a runed translucent door.
  4395 | D:6      | Noticed Crazy Yiuf
  4540 | D:6      | Killed Crazy Yiuf
  4744 | D:7      | Found a staircase to the Ecumenical Temple.
  4785 | Temple   | Entered the Ecumenical Temple
  4803 | Temple   | Became a worshipper of Qazlal Stormbringer
  5128 | D:7      | Found Bilezedgh's Armour Emporium.
  5248 | D:7      | Found Xede's Gadget Gallery.
  5383 | D:3      | Bought a scorched cloak for 313 gold pieces
  5383 | D:3      | Identified the +0 cloak of Kounnot {rN+ Dex+2} (You bought
                  | it in a shop on level 3 of the Dungeon)
  5691 | D:7      | Reached skill level 10 in Unarmed Combat
  5812 | D:8      | Reached * piety under Qazlal
  5813 | D:8      | Reached skill level 1 in Invocations
  5934 | D:8      | Noticed a komodo dragon
  5945 | D:8      | Killed a komodo dragon
  6015 | D:8      | Reached XP level 10. HP: 62/98 MP: 10/10
  6016 | D:8      | Reached skill level 11 in Unarmed Combat
  6053 | D:8      | Found a staircase to the Lair.
  6961 | D:9      | Noticed a sun demon
  7247 | D:9      | Reached ** piety under Qazlal
  7522 | D:9      | Reached skill level 12 in Unarmed Combat
  7737 | D:9      | Reached XP level 11. HP: 83/109 MP: 13/13
  8054 | D:10     | Entered Level 10 of the Dungeon
  8080 | D:10     | Identified the +2 war axe of the Forsaken Souls {spect,
                  | Dex+4}
  8080 | D:10     | Noticed a two-headed ogre
  8172 | D:10     | Noticed anonymous's ghost (journeyman TeAE)
  8186 | D:10     | Noticed a two-headed ogre
  8196 | D:10     | Killed a two-headed ogre
  8426 | D:10     | Found a runed translucent door.
  8588 | D:11     | Noticed a boulder beetle
  8733 | Lair:1   | Entered Level 1 of the Lair of Beasts
  8827 | Lair:1   | Reached *** piety under Qazlal
  8997 | Lair:1   | Reached skill level 5 in Invocations
  9057 | Lair:1   | Noticed a six-headed hydra
  9068 | Lair:1   | Reached skill level 13 in Unarmed Combat
  9237 | D:8      | Killed a six-headed hydra
  9481 | Lair:1   | Noticed a bog body
  9491 | Lair:1   | HP: 5/115 [suicidal targeting (11)]
  9491 | Lair:1   | Killed a bog body
  9692 | Lair:1   | Reached XP level 12. HP: 122/123 MP: 15/15
  9878 | Lair:1   | Reached skill level 5 in Evocations
 10351 | Lair:2   | Noticed a catoblepas
 10360 | Lair:2   | Killed a catoblepas
 10418 | Lair:2   | Noticed a six-headed hydra
 10429 | Lair:1   | HP: 6/124 [poisoned by a black mamba]
 10564 | Lair:2   | Noticed a boulder beetle
 10574 | Lair:2   | Killed a boulder beetle
 10601 | Lair:2   | Noticed a four-headed hydra
 10616 | Lair:1   | Killed a five-headed hydra
 10808 | Lair:2   | Noticed a seven-headed hydra
 10811 | Lair:2   | Killed a seven-headed hydra
 10812 | Lair:2   | Reached skill level 14 in Unarmed Combat
 10862 | Lair:2   | Noticed a seven-headed hydra
 11086 | Lair:2   | Killed a six-headed hydra
 11187 | Lair:2   | Reached skill level 10 in Fighting
 11209 | Lair:2   | Noticed Amaemon
 11263 | Lair:2   | Killed a seven-headed hydra
 11563 | Lair:2   | Noticed Urug
 11576 | Lair:2   | Killed Urug
 11691 | Lair:2   | Killed Amaemon
 11733 | Lair:2   | !bestwep
 11754 | Lair:2   | Reached XP level 13. HP: 68/133 MP: 18/18
 12058 | Lair:2   | Found a staircase to the Swamp.
 12223 | Lair:2   | Found a blossoming altar of Fedhas.
 12486 | Lair:3   | Noticed Nergalle
 12507 | Lair:3   | Killed Nergalle
 13652 | Lair:4   | Found a staircase to the Snake Pit.
 14302 | Lair:4   | Reached skill level 5 in Dodging
 14474 | Lair:5   | Identified a scroll of acquirement
 14474 | Lair:5   | Acquired 1046 gold pieces
 14716 | Lair:5   | Found a runed translucent door.
 15190 | Lair:6   | Entered Level 6 of the Lair of Beasts
 15467 | Lair:6   | HP: 1/119 [blink frog[a boggart] (12)]
 15570 | Lair:6   | Reached skill level 15 in Unarmed Combat
 15994 | Lair:5   | Reached XP level 14. HP: 125/142 MP: 20/20
 16268 | Lair:6   | Found a staircase to the Slime Pits.
 16291 | Lair:6   | Reached skill level 10 in Invocations
 17359 | D:11     | Reached **** piety under Qazlal
 17508 | D:11     | Noticed Psyche
 17520 | D:11     | Killed Psyche
 17564 | D:11     | Found a staircase to the Orcish Mines.
 18033 | D:11     | Identified the +3 ring mail of Siohoota {rN+ Will- Str+2
                  | Dex+2}
 18186 | D:11     | Reached ***** piety under Qazlal
 18421 | D:3      | Bought the +2 shield of Resistance {rF++ rC++ Will++} for
                  | 2141 gold pieces
 18421 | D:3      | Found the +2 shield of Resistance {rF++ rC++ Will++}
 18897 | D:12     | Noticed Josephine
 18906 | D:12     | Killed Josephine
 18907 | D:12     | Reached skill level 1 in Shields
 19695 | D:12     | Reached XP level 15. HP: 137/154 MP: 22/22
 19916 | D:12     | You fall into a shaft and drop 2 floors!
 20110 | D:14     | Found a radiant altar of Vehumet.
 20785 | D:13     | Found a frozen archway.
 20832 | IceCv    | Entered an ice cave
 21093 | IceCv    | Reached skill level 5 in Shields
 21324 | IceCv    | Reached skill level 16 in Unarmed Combat
 21414 | IceCv    | Identified the +3 quarterstaff of Sunlight {protect, rF+
                  | Str+5 Dex+4}
 21422 | IceCv    | Identified the +1 short sword "Isuyx" {drain, rElec Int+2
                  | Dex-3 SInv}
 23174 | D:13     | Identified the +10 long sword of the Spectre {drain, rC+
                  | rCorr SInv}
 23584 | D:13     | Found a gate to the Vaults.
 23821 | Orc:1    | Entered Level 1 of the Orcish Mines
 23821 | Orc:1    | Noticed Gastronok
 23835 | Orc:1    | Killed Gastronok
 24230 | Orc:2    | Entered Level 2 of the Orcish Mines
 24571 | Orc:2    | Found Xumoz's General Store.
 24571 | Orc:2    | Found Siump's Assorted Antiques.
 24574 | Orc:2    | Found Fitojuh's Book Boutique.
 24581 | Orc:2    | Reached XP level 16. HP: 156/165 MP: 23/23
 24603 | Orc:2    | Found Mud Saxt's Antique Weapon Shop.
 24655 | Orc:2    | Bought a potion of curing for 51 gold pieces
 24656 | Orc:2    | Bought a coiled granite ring for 155 gold pieces
 24656 | Orc:2    | Identified the ring "Nepsarif" {*Corrode Fly rElec rN++
                  | Int+6} (You bought it in a shop on level 2 of the Orcish
                  | Mines)
 24785 | Orc:2    | Found a staircase to the Elven Halls.
 25345 | D:15     | Entered Level 15 of the Dungeon
 25792 | D:15     | Found Haonuh's Book Emporium.
 25890 | D:15     | Found a staircase to the Depths.
 26057 | D:15     | Found an iron altar of Okawaru.
 26585 | Swamp:1  | Entered Level 1 of the Swamp
 26656 | Swamp:1  | Slain by a tyrant leech

Illustrated notes

#....... #......
#..$.. #...h ##...
♣♣♣♣♣♣♣♣♣ P..
#.....##. #h#####
#.....P##
#@.##.####......##
#.###..##......###
#.......#......# #
#.'............###
#)#####.#.......##
#.########......##
#.#.#.####........
##.................
#..................


Turn 11733 on Lair:2: !bestwep

Levels and vault maps discovered:
D:1:      sevenhm_arrival_forest_fort_large_4, layout_loops_ring, serial_forest,
          infiniplex_forest_corner_1, infiniplex_forest_lined_3,
          infiniplex_forest_clump_medium, infiniplex_forest_fountain,
          infiniplex_forest_clump_long, infiniplex_forest_zigzag_1,
          infiniplex_forest_clump_C, infiniplex_forest_clump_double,
          minmay_misc_feat_x
D:2:      wander_river, layout_rooms, hellmonk_ecumenical_altar_slurped_away,
          basic_altar
D:3:      layout_basic, serial_shops, shop, kennysheep_cross_bottleneck,
          kennysheep_minor_cross, st_stairs_14
D:4:      layout_loops_corners, old_standard_altar, uniq_sigmund
D:5:      layout_basic, uniq_prince_ribbit1, uniq_eustachio
D:6:      layout_rooms, uniq_edmund, uniq_crazy_yiuf_cottage
D:7:      layout_basic, minmay_temple_entry_waves, serial_shops, shop,
          st_stairs_9, grunt_ogre_cave, minmay_misc_feat_tower,
          chequers_serial_rivers_micro_d, nicolae_shop_gadgets
D:8:      layout_basic, erik_lair_dragon, minivault_4
D:9:      layout_basic, serial_co_window_serial, co_window_paths_a,
          co_window_of_opportunity_a, co_window_paths_a, co_window_corner_a,
          co_window_corner_a, co_window_corner_a, co_window_unsneaky_path_e,
          co_window_corner_b, co_window_of_opportunity_b, co_window_sun
D:10:     layout_rooms, hellmonk_ghost_big_iron
D:11:     layout_loops_ring, erik_orc_3, serial_ice, serial_ice_b, serial_ice_e,
          serial_ice_o, serial_ice_f, serial_ice_n, serial_ice_j, serial_ice_h,
          serial_ice_g, serial_ice_c, serial_ice_m, uniq_psyche
D:12:     evilmike_diamond_2, layout_basic, uniq_josephine
D:13:     layout_basic, erik_vaults_2, portal_ice_cave_entry_pillars_2,
          nicolae_concentric_dashed_squares_wild
D:14:     layout_irregular_city, minmay_misc_feat_four_crosses,
          vehumet_altar_wand_db
D:15:     grunt_enter_depths_snipers, layout_basic, serial_shops,
          nicolae_shop_behind_doors, okawaru_ov_weapons_minmay
Temple:   regret_index_temple_sigil_plot
Lair:1:   dreamdust_isle_of_ice, layout_hall_layers, infiniplex_staircase_pool,
          lemuel_fruit_tree, grunt_megastairs_4
Lair:2:   layout_regular_city, palyth_hydra_swamp_entry, hangedman_tree_tricks,
          grunt_megastairs_5, infiniplex_staircase_pool_2, uniq_amaemon,
          uniq_urug
Lair:3:   layout_cave_pods, uniq_nergalle
Lair:4:   beast_lair_carwin_large_2, layout_regular_city,
          minmay_snake_entry_six_corridors, lookout_lair_type
Lair:5:   layout_regular_city, pf_torpor_hydra
Lair:6:   minmay_lair_end_enchanted_forest, layout_concentric_octagons,
          slime_dummy
Swamp:1:  layout_basic_swamp, evilmike_swamp_ruin_house_2
Orc:1:    layout_caves, basic_altar, uniq_gastronok
Orc:2:    st_orc_mages, layout_caves

Skill      XL: |  1  2  3  4  5  6  7  8  9 10 11 12 13 14 15 16 |
---------------+-------------------------------------------------+-----
Throwing       | 2 3 4 |  4.4
Fighting       | 2 3 4 5 6 7 9 10 11 12 | 12.5
Unarmed Combat | 4 5 6 7 9 10 12 13 14 15 16 | 16.6
Evocations     | 1 2 3 4 5 7 |  7.0
Invocations    | 2 4 5 8 9 10 11 12 | 12.0
Dodging        | 6 7 8 |  8.0
Shields        | 3 7 8 |  8.0

Action                   |  1- 3 |  4- 6 |  7- 9 | 10-12 | 13-15 | 16-18 || total
-------------------------+-------+-------+-------+-------+-------+-------++-------
Melee: Unarmed           |    71 |   104 |   196 |   449 |  1188 |   202 ||  2210
       Punch             |     1 |     4 |     7 |    45 |    20 |       ||    77
Throw: Dart              |       |       |       |     6 |     2 |       ||     8
Invok: Upheaval          |       |       |       |    24 |    47 |     1 ||    72
       Elemental Force   |       |       |       |       |     4 |     2 ||     6
Evoke: Wand              |       |       |     8 |    33 |    12 |       ||    53
  Use: Scroll            |       |       |    13 |     4 |    14 |       ||    31
       Potion            |       |       |       |     3 |     4 |       ||     7
 Stab: Sleeping          |       |     3 |       |       |       |       ||     3
       Distracted        |       |       |       |       |     1 |       ||     1
       Paralysed         |       |       |       |       |     1 |       ||     1
Armor: Robe              |    18 |    24 |    52 |   162 |   201 |       ||   457
       Ice dragon scales |       |       |       |       |   213 |   105 ||   318
Dodge: Dodged            |    33 |    40 |    77 |   220 |   358 |    62 ||   790
       Repelled          |       |       |       |       |     4 |     1 ||     5
Block: Other             |       |       |       |    58 |    39 |       ||    97
       Orb               |       |       |       |       |    42 |       ||    42
       Kite shield       |       |       |       |       |   454 |   215 ||   669

Table legend: (Time is in decaauts)
 A = Elapsed time spent in this place.
 B = Non-inter-level travel time spent in this place.
 C = Inter-level travel time spent in this place.
 D = Time resting spent in this place.
 E = Time spent auto-exploring this place.
 F = Levels seen in this place.
 G = Mean time per level.
                   A        B        C        D        E       F      G
               +--------+--------+--------+--------+--------+-----+--------+
         Total |  26327 |  23144 |   3183 |    625 |  17538 |  26 | 1012.6 |
       Dungeon |  15740 |  13395 |   2345 |    124 |  10419 |  15 | 1049.3 |
        Temple |     36 |     19 |     17 |      0 |      9 |   1 |   36.0 |
          Lair |   8542 |   7773 |    769 |    501 |   5688 |   6 | 1423.7 |
         Swamp |     19 |     19 |      0 |      0 |      0 |   1 |   19.0 |
  Orcish Mines |   1346 |   1295 |     51 |      0 |   1019 |   2 |  673.0 |
      Ice Cave |    642 |    642 |      0 |      0 |    402 |   1 |  642.0 |
               +--------+--------+--------+--------+--------+-----+--------+

Top non-repeatable levels by time:
  Lair:1: 1912 daAuts
     D:8: 1832 daAuts
  Lair:6: 1726 daAuts
  Lair:2: 1609 daAuts
    D:11: 1539 daAuts
    D:12: 1499 daAuts
     D:9: 1374 daAuts
  Lair:3: 1245 daAuts
     D:4: 1212 daAuts
    D:14: 1159 daAuts
  Lair:4: 1032 daAuts
  Lair:5: 1016 daAuts
   Orc:2: 995 daAuts
    D:13: 958 daAuts
     D:3: 944 daAuts
